 Dungeon Crawl Stone Soup version 0.31-a0-1540-g5a0b83f448 (webtiles) character file.

Game seed: 8477815734020595491

104965 Laraso the Severer (level 16, -2/139 HPs)
             Began as a Hill Orc Fighter on Jan 2, 2024.
             Was the Champion of Beogh.
             Slain by a demonic crawler (4 damage)
             ... on level 2 of the Spider Nest.
             The game lasted 00:41:29 (22864 turns).

Laraso the Severer (Hill Orc Fighter)              Turns: 22864, Time: 00:41:29

Health: -2/139     AC: 23    Str: 31      XL:     16   Next: 40%
Magic:  28/30      EV: 21    Int:  6 (7)  God:    Beogh [******]
Gold:   1400       SH: 31    Dex: 23 (26) Spells: 10/19 levels left

rFire   + . .        a - +2 war axe of Mana {drain, rElec rF+ rC++}
rCold   + + +        I - +0 tower shield
rNeg    . . .        v - +6 scale mail of the Lute {^Drain MP+9 Str+5 Stlth+}
rPois   .            G - +2 hat {Will+}
rElec   +            y - +2 cloak {Will+}
rCorr   +            k - +0 pair of gloves
SInv    .            i - +1 pair of boots
Will    +++..        N - amulet "Asihar" {Reflect +Inv rC+ rCorr SH+5}
Stlth   ++           l - +6 ring of dexterity
HPRegen 0.43/turn    M - +6 ring of strength
MPRegen 0.22/turn

%: reflection
@: slowed, recalling, very slow
A: walk on water, horns 1, large bone plates 1, agile 1
a: Renounce Religion, Evoke Invisibility, Smiting, Stop Recall, Give Item to
Named Follower, Resurrection


You were on level 2 of the Spider Nest.
You worshipped Beogh.
Beogh was exalted by your worship.
You visited 4 branches of the dungeon, and saw 24 of its levels.
You also visited: Sewer and Gauntlet.

You collected 2529 gold pieces.
You spent 1129 gold pieces at shops.

Inventory:

Hand Weapons
 a - the +2 war axe of Mana (weapon) {drain, rElec rF+ rC++}
   (You found it on level 3 of the Dungeon)

   rF+:       It protects you from fire.
   rC++:      It greatly protects you from cold.
   rElec:     It insulates you from electricity.
 b - a +4 heavy broad axe
 c - the +4 arbalest of Xicuwi {heavy, rCorr}
   (You found it on level 4 of the Lair of Beasts)

   rCorr:     It protects you from acid and corrosion.
 d - the +4 broad axe of the Assorted Allies {heavy, *Noise rElec Int+2 Dex+2}
   (You bought it in a shop on level 15 of the Dungeon)

   Int+2:     It affects your intelligence (+2).
   Dex+2:     It affects your dexterity (+2).
   rElec:     It insulates you from electricity.
   *Noise:    It may make a loud noise when swung.
Missiles
 X - 5 throwing nets
Armour
 i - a +1 pair of boots (worn)
 k - a +0 pair of gloves (worn)
 v - the +6 scale mail of the Lute (worn) {^Drain MP+9 Str+5 Stlth+}
   (You bought it in a shop on level 1 of the Dungeon)

   Str+5:     It affects your strength (+5).
   MP+9:      It affects your magic capacity (+9).
   ^Drain:    It drains your maximum health when unequipped.
   Stlth+:    It makes you more stealthy.
 y - a +2 cloak of willpower (worn)
 G - a +2 hat of willpower (worn)
 I - a +0 tower shield (worn)
 R - the +5 chain mail "Kably" {rElec rPois}
   (You found it on level 1 of the Lair of Beasts)

   rElec:     It insulates you from electricity.
   rPois:     It protects you from poison
Jewellery
 j - the amulet of Voutisef {Acrobat rC+ Int+3}
   (You found it on level 5 of the Dungeon)

   [amulet of the acrobat]

   Acrobat:   It increases your evasion while moving and waiting.
   Int+3:     It affects your intelligence (+3).
   rC+:       It protects you from cold.
 l - a +6 ring of dexterity (left hand)
 s - a ring of flight
 x - a ring of willpower
 A - an amulet of regeneration
 D - a ring of see invisible
 M - a +6 ring of strength (right hand)
 N - the amulet "Asihar" (around neck) {Reflect +Inv rC+ rCorr SH+5}
   (You found it in a Gauntlet)

   [amulet of reflection]

   Reflect:   It reflects blocked missile attacks.
   rC+:       It protects you from cold.
   +Inv:      It lets you turn invisible.
   rCorr:     It protects you from acid and corrosion.
   SH+5:      It affects your SH (+5).
 O - a ring of wizardry
 W - a ring of poison resistance
Wands
 g - a wand of mindburst (11)
 o - a wand of acid (3)
 u - a wand of charming (24)
 F - a wand of iceblast (14)
 J - a wand of flame (22)
Scrolls
 m - a scroll of silence
 n - 18 scrolls of teleportation
 t - 3 scrolls of blinking
 B - 4 scrolls of torment
 C - 5 scrolls of vulnerability
 E - 6 scrolls of amnesia
 H - 4 scrolls of immolation
 Q - 7 scrolls of identify
 T - 3 scrolls of fog
 U - a scroll of poison
 V - a scroll of revelation
Potions
 e - 8 potions of curing
 f - 4 potions of attraction
 h - 6 potions of heal wounds
 p - 3 potions of cancellation
 q - a potion of brilliance
 r - 2 potions of mutation
 w - 2 potions of haste
 K - a potion of berserk rage
 L - 2 potions of lignification
 P - 2 potions of might
 S - 2 potions of enlightenment
Miscellaneous
 z - a lightning rod (4/4)


   Skills:
 - Level 12.0 Fighting
 - Level 18.0 Axes
 - Level 8.0 Armour
 * Level 14.3 Dodging
 - Level 16.0 Shields
 - Level 2.0 Spellcasting
 - Level 7.0 Invocations


You had 10 spell levels left.
You knew the following spells:

 Your Spells              Type           Power      Damage    Failure   Level
a - Blink                 Tloc           0%         N/A       91%         2
b - Fugue of the Fallen   Necr           0%         N/A       99%         3
c - Anguish               Hex/Necr       0%         N/A       100%        4

Your spell library contained the following spells:

 Spells                   Type           Power      Damage    Failure   Level
 Magic Dart               Conj           0%         1d3       82%         1
 Call Imp                 Summ           0%         N/A       91%         2
 Cigotuvi's Dreadful Rot  Necr/Alch/Air  0%         N/A       91%         2
 Ensorcelled Hibernation  Hex/Ice        0%         N/A       91%         2
 Lesser Beckoning         Tloc           0%         N/A       91%         2
 Gell's Gravitas          Tloc           0%         N/A       99%         3
 Ozocubu's Armour         Ice            0%         N/A       99%         3
 Teleport Other           Tloc           0%         N/A       99%         3
 Volatile Blastmotes      Fire/Tloc      0%         2d10      99%         3
 Animate Armour           Summ/Erth      0%         N/A       100%        4
 Animate Dead             Necr           0%         N/A       100%        4
 Dispel Undead            Necr           0%         3d6       100%        4
 Fulminant Prism          Conj/Alch      0%         3d5       100%        4
 Iskenderun's Mystic Bla  Conj/Tloc      0%         2d3       100%        4
 Manifold Assault         Tloc           0%         N/A       100%        4
 Martyr's Knell           Necr/Summ      0%         N/A       100%        4
 Summon Lightning Spire   Summ/Air       0%         N/A       100%        4
 Borgnjor's Vile Clutch   Necr/Erth      0%         N/A       100%        5
 Lee's Rapid Deconstruct  Erth           0%         3d4*      100%        5
 Death Channel            Necr           0%         N/A       100%        6
 Haunt                    Necr/Summ      0%         N/A       100%        7
 Borgnjor's Revivificati  Necr           0%         N/A       100%        8
 Chain Lightning          Conj/Air       0%         N/A       100%        9
 Death's Door             Necr           0%         N/A       100%        9
 Fire Storm               Conj/Fire      0%         5d1       100%        9
 Shatter                  Erth           0%         3d5*      100%        9


Dungeon Overview and Level Annotations

Branches:
Dungeon (15/15)            Temple (0/1) D:7            Lair (5/5) D:9
  Swamp (0/4) Lair:2       Spider (2/4) Lair:3        Slime (0/5) Lair:4
    Orc (2/2) D:10            Elf (0/3) Orc:2        Vaults (0/5) D:13
 Depths (0/4) D:15          Sewer (visited)         Gauntlet (visited)

Altars:
Fedhas
Hepliaklqana
Makhleb
Xom
The Shining One

Shops:
D:1 **[:?   D:6 =   D:10 [   D:11 *   D:15 *   Orc:2 [(=*

Portals:
Hell: Lair:5
Trove: D:12 (show abyssal rune of Zot)

Annotations:
D:12 1 runed translucent door


Innate Abilities, Weirdness & Mutations

You can walk on water.
You have a pair of small horns on your head.
You are partially covered in large bone plates. (SH +4)
You are agile. (Dex +4, Str/Int -1)


Message History

The demonic crawler completely misses you.
The demonic crawler hits you but does no damage. x3
The demonic crawler misses you.
The demonic crawler completely misses you.
The demonic crawler misses you. The demonic crawler barely misses you.
The demonic crawler hits you but does no damage.
The demonic crawler hits you. The demonic crawler hits you!
The demonic crawler misses you. The demonic crawler closely misses you.
The demonic crawler completely misses you.
The demonic crawler hits you but does no damage.
Okay, then.
You begin recalling your allies.
Your orc warlord is recalled.
Bogwald is recalled.
Orgrim is recalled.
Orgrim is caught in a web!
You block the demonic crawler's attack. x2
The demonic crawler hits you but does no damage.
You block the demonic crawler's attack. x2
The demonic crawler closely misses you. The demonic crawler hits you!
* * * LOW HITPOINT WARNING * * *
The demonic crawler closely misses you. The demonic crawler hits you.
* * * LOW HITPOINT WARNING * * *
The demonic crawler hits you but does no damage.
The demonic crawler misses you. x3; The demonic crawler barely misses you.
The demonic crawler closely misses you. The demonic crawler barely misses you.
The demonic crawler misses you.
The demonic crawler completely misses you.
The demonic crawler hits you but does no damage.
The demonic crawler hits you!
* * * LOW HITPOINT WARNING * * *
The demonic crawler closely misses you. The demonic crawler hits you!
* * * LOW HITPOINT WARNING * * *
The demonic crawler hits you!
* * * LOW HITPOINT WARNING * * *
The demonic crawler hits you.
* * * LOW HITPOINT WARNING * * *
The demonic crawler closely misses you. The demonic crawler misses you.
The demonic crawler hits you but does no damage.
The demonic crawler completely misses you.
The demonic crawler misses you. The demonic crawler hits you.
You die...

~~~~#~~~....#
s~~~~~. ..#
#P~~##..#
###≈~†....#
#~~~~.....#
≈~≈~~#......#
~~~~ ##sw...#
... #ss...#
.. #@so..# .
##ss..##
###.o.o.#
##.###...#
#..#.....#
##.......##
#.<...##.#
##.....####
#......##


You could see a torpor snail, 6 demonic crawlers, a friendly orc warlord (slow),
the friendly Bogwald the orc warlord (slow) and the friendly Orgrim the orc
sorcerer (slow).

Vanquished Creatures
  Rupert (D:14)
  A lich (D:12)
  Gastronok (D:9)
  A ghost moth (Spider:2)
  A minotaur (Gauntlet)
  A fire dragon (D:15)
  Josephine (D:15)
  Fannar (Lair:1)
  An ice dragon (D:15)
  Erolcha (D:10)
  4 vault guards (D:13)
  9 hydras
  A centaur warrior (D:15)
  The ghost of Hyahelamn the Slicer, a journeyman VSBr of Sif Muna (D:12)
  2 death knights
  5 two-headed ogres
  A catoblepas (D:14)
  2 occultists (Gauntlet)
  A sun demon (Lair:5)
  4 death yaks
  An orc high priest (Orc:2)
  5 skeletal warriors
  A skyshark (Lair:5)
  An orb spider (Lair:3)
  2 lightning spires (Gauntlet)
  2 phantasmal warriors (D:12)
  3 wolf spiders
  4 deep elf pyromancers
  2 necromancers
  An orc sorcerer (Orc:2)
  3 ugly things
  2 oklob plants (Lair:4)
  5 cyclopes
  A moth of wrath (Spider:2)
  5 meliai
  Joseph (D:10)
  2 black mambas
  2 kobold blastminers (Orc:2)
  2 gargoyles (D:11)
  A torpor snail (Spider:2)
  4 cane toads
  4 orange demons
  A kobold demonologist (D:10)
  2 rime drakes
  4 freezing wraiths
  5 komodo dragons
  A tengu conjurer (D:13)
  3 trolls
  A polar bear (Lair:4)
  5 hornets
  16 blink frogs
  2 merfolk (D:14)
  2 raiju (Gauntlet)
  8 dream sheep
  2 jumping spiders (Spider:2)
  2 centaur simulacra (D:12)
  2 culicivoras (Spider:2)
  A wyvern (D:10)
  3 slime creatures
  9 humans (D:14)
  7 wraiths
  2 vampires (D:12)
  5 basilisks
  63 yaks
  2 wargs
  3 steam dragons
  4 redbacks
  8 vampire mosquitoes
  A steam dragon (shapeshifter) (D:15)
  2 acid dragons
  6 water moccasins
  4 hell hounds
  An ice beast (D:6)
  A sky beast (D:7)
  7 orc warriors
  2 black bears
  14 wolves
  2 ogres
  8 centaurs
  27 kobold brigands
  9 bullfrogs
  A gnoll sergeant (D:11)
  A scorpion (D:6)
  10 wights
  15 killer bees (D:9)
  2 howler monkeys (D:8)
  2 vampire bats (Lair:3)
  9 orc priests
  A bombardier beetle (D:4)
  3 hounds
  5 jellies
  2 sleepcaps
  Crazy Yiuf (D:2)
  3 hell rats (Lair:1)
  5 iguanas
  11 orc wizards
  11 gnolls
  8 adders
  13 river rats
  A river rat (shapeshifter) (D:15)
  A shadow imp (Gauntlet)
  4 white imps
  2 ufetubi (D:5)
  2 dart slugs
  2 ribbon worms
  28 orcs
  10 bats
  25 endoplasms
  8 giant cockroaches
  6 goblins
  9 hobgoblins
  4 jackals (D:3)
  5 quokkas
  8 ball pythons
  3 frilled lizards
  41 kobolds
  33 rats
  A spectral hobgoblin (D:10)
637 creatures vanquished.

Vanquished Creatures (collateral kills)
  An orc warlord (Orc:2)
  Snorg (Lair:5)
  A rakshasa (D:14)
  An ice dragon (D:15)
  A boulder beetle (D:12)
  3 hydras
  A catoblepas (Lair:5)
  7 death yaks
  An orc high priest (Orc:2)
  A skyshark (Lair:3)
  5 skeletal warriors
  A lindwurm (Lair:5)
  A deep elf pyromancer (D:15)
  An orc knight (Orc:2)
  A phantasmal warrior (D:12)
  2 arcanists
  An oklob plant (Lair:4)
  2 cyclopes
  3 ugly things (D:15)
  2 orc sorcerers (Orc:2)
  A manticore (D:13)
  A meliai (D:14)
  Maurice (Orc:1)
  2 black mambas
  3 cane toads
  2 rime drakes (Lair:5)
  3 komodo dragons
  2 ice devils (Lair:5)
  2 merfolk (D:14)
  A polar bear (Lair:4)
  A hellwing (Lair:5)
  A polar bear (shapeshifter) (D:15)
  A troll (Orc:2)
  19 blink frogs
  2 dream sheep (Lair:4)
  A raiju (Orc:2)
  13 yaks
  5 wraiths
  2 humans (D:14)
  2 wyverns
  A fire bat (Orc:2)
  A warg (Orc:2)
  A redback (Spider:1)
  5 water moccasins
  3 orc warriors
  2 hell hounds (Lair:5)
  6 ogres
  4 wolves
  A centaur (D:12)
  3 bullfrogs
  2 orc priests
  An orc wizard (Orc:2)
  3 orcs
135 creatures vanquished.

Vanquished Creatures (others)
  4 orc warriors
  4 orc wizards
  4 orc priests
  A hound (D:6)
  An adder (D:6)
  7 orcs
21 creatures vanquished.

Grand Total: 793 creatures vanquished

Notes
Turn   | Place    | Note
-------+----------+-------------------------------------------
     0 | D:1      | Laraso the Hill Orc Fighter began the quest for the Orb.
     0 | D:1      | Reached XP level 1. HP: 19/19 MP: 1/1
    10 | D:1      | Found Qoreboi Tene's Book Shop.
    48 | D:1      | Reached skill level 3 in Axes
   127 | D:1      | Reached XP level 2. HP: 20/26 MP: 2/2
   170 | D:1      | Found Atahit's Assorted Antiques.
   181 | D:1      | Reached skill level 4 in Axes
   198 | D:1      | Found Nokk's Antique Armour Shop.
   342 | D:1      | Found Mumeit's Magic Scroll Emporium.
   592 | D:1      | Found Barchuna's Assorted Antiques.
   598 | D:1      | Bought a scroll labelled QYGORCHA NEUN for 29 gold pieces
   655 | D:2      | Reached XP level 3. HP: 31/31 MP: 3/3
   704 | D:2      | Found a shimmering altar of Xom.
   726 | D:2      | Reached skill level 5 in Axes
   868 | D:2      | Reached XP level 4. HP: 33/39 MP: 4/4
   958 | D:2      | Reached skill level 6 in Axes
  1094 | D:2      | Found a faded altar of an unknown god.
  1369 | D:2      | Found a runed translucent door.
  1370 | D:2      | Noticed Crazy Yiuf
  1405 | D:2      | Killed Crazy Yiuf
  1406 | D:2      | Reached XP level 5. HP: 26/45 MP: 5/5
  1988 | D:3      | Reached skill level 7 in Axes
  2012 | D:3      | Identified the +2 war axe of Mana {drain, rElec rF+ rC++}
  2258 | D:3      | Reached skill level 8 in Axes
  2258 | D:3      | Reached XP level 6. HP: 51/51 MP: 6/6
  2341 | D:3      | Found a glowing drain.
  2355 | Sewer    | Entered a sewer
  2491 | Sewer    | Reached skill level 9 in Axes
  2599 | Sewer    | Reached XP level 7. HP: 43/57 MP: 7/7
  2603 | Sewer    | Reached skill level 10 in Axes
  3017 | D:3      | Gained mutation: You have hidden genetic potential. [potion
                  | of mutation]
  3017 | D:3      | Gained mutation: You are agile. (Dex +4, Str/Int -1)
                  | [potion of mutation]
  3541 | D:4      | Reached skill level 11 in Axes
  4046 | D:5      | Entered Level 5 of the Dungeon
  4069 | D:5      | Identified the amulet of Voutisef {Acrobat rC+ Int+3}
  4069 | D:5      | Noticed a two-headed ogre
  4101 | D:5      | Killed a two-headed ogre
  4102 | D:5      | Reached skill level 13 in Axes
  4102 | D:5      | Reached XP level 8. HP: 34/64 MP: 8/8
  4102 | D:5      | Gained mutation: You have a pair of small horns on your
                  | head. [hidden potential]
  4334 | D:5      | Reached skill level 14 in Axes
  4521 | D:5      | Reached XP level 9. HP: 70/70 MP: 9/9
  4724 | D:1      | Bought a pitted scale mail for 189 gold pieces
  4724 | D:1      | Identified the +6 scale mail of the Lute {^Drain MP+9 Str+5
                  | Stlth+} (You bought it in a shop on level 1 of the Dungeon)
  4964 | D:6      | Reached skill level 15 in Axes
  5000 | D:6      | Found Ruitep's Jewellery Boutique.
  5140 | D:6      | Gained mutation: You are partially covered in large bone
                  | plates. (SH +4) [hidden potential]
  5140 | D:6      | Lost mutation: You have hidden genetic potential. [hidden
                  | potential expressed]
  5258 | D:6      | Reached skill level 16 in Axes
  5258 | D:6      | Became a worshipper of Beogh the Brigand
  5624 | D:7      | Reached skill level 5 in Fighting
  5655 | D:7      | Noticed a hornet
  5661 | D:7      | Killed a hornet
  5706 | D:7      | Found a staircase to the Ecumenical Temple.
  6065 | D:7      | Reached XP level 10. HP: 81/88 MP: 10/10
  6070 | D:7      | Reached * piety under Beogh
  6271 | D:8      | Found the +1 robe of Vines {NoPotionHeal Regen++++}
  6467 | D:8      | Identified the +9 rapier of the Volcano {freeze, rC- rN+
                  | MP+9}
  6607 | D:8      | Reached skill level 10 in Fighting
  6940 | D:9      | Reached ** piety under Beogh
  6962 | D:9      | Found a staircase to the Lair.
  7107 | D:9      | Noticed a two-headed ogre
  7113 | D:9      | Killed a two-headed ogre
  7157 | D:9      | Reached skill level 1 in Dodging
  7545 | D:9      | Noticed Gastronok
  7566 | D:9      | Killed Gastronok
  7567 | D:9      | Reached skill level 5 in Armour
  7567 | D:9      | Reached XP level 11. HP: 71/104 MP: 11/11
  7941 | D:10     | Entered Level 10 of the Dungeon
  7941 | D:10     | Noticed Erolcha
  7950 | D:10     | Killed Erolcha
  8043 | D:10     | Found a staircase to the Orcish Mines.
  8088 | D:10     | Found Norch's Antique Armour Boutique.
  8096 | D:10     | Bought a tower shield for 112 gold pieces
  8313 | D:10     | Noticed Joseph
  8347 | D:10     | Killed Joseph
  8508 | D:10     | Reached *** piety under Beogh
  8509 | D:10     | Reached skill level 5 in Dodging
  8750 | D:10     | Found a hazy altar of Hepliaklqana.
  8984 | D:11     | Found Boruy's General Store.
  9138 | D:11     | Noticed a two-headed ogre
  9151 | D:11     | Killed a two-headed ogre
  9276 | D:11     | Noticed a cyclops
  9282 | D:11     | Killed a cyclops
  9329 | D:11     | Reached XP level 12. HP: 112/112 MP: 12/12
  9508 | D:11     | Reached **** piety under Beogh
  9792 | Lair:1   | Entered Level 1 of the Lair of Beasts
  9820 | Lair:1   | Noticed Fannar
  9837 | Lair:1   | Killed Fannar
  9847 | Lair:1   | Found a gate leading to a gauntlet.
  9856 | Gauntlet | Entered a Gauntlet
  9856 | Gauntlet | Found a transporter.
  9856 | Gauntlet | Found a transporter.
  9860 | Gauntlet | Found a transporter.
  9860 | Gauntlet | Found a transporter.
  9870 | Gauntlet | Noticed a death yak
  9870 | Gauntlet | Noticed a death yak
  9872 | Gauntlet | Noticed a death yak
  9874 | Gauntlet | Noticed a death yak
  9876 | Gauntlet | Noticed a death yak
  9880 | Gauntlet | Noticed a balrug
  9883 | Gauntlet | Found a transporter.
  9891 | Gauntlet | Noticed a great orb of eyes
  9893 | Gauntlet | Found a transporter.
  9893 | Gauntlet | Found a transporter.
  9898 | Gauntlet | Found a transporter.
  9925 | Gauntlet | Found a transporter.
  9932 | Gauntlet | Found a transporter.
  9950 | Gauntlet | Found a transporter.
  9954 | Gauntlet | Noticed an occultist
  9996 | Gauntlet | Found a transporter.
 10000 | Gauntlet | Noticed an occultist
 10010 | Gauntlet | Found a transporter.
 10100 | Gauntlet | Found a transporter.
 10110 | Gauntlet | Found a transporter.
 10114 | Gauntlet | Noticed a catoblepas
 10124 | Gauntlet | Found a transporter.
 10264 | Gauntlet | Killed an occultist
 10278 | Gauntlet | Killed an occultist
 10279 | Gauntlet | Reached skill level 5 in Invocations
 10292 | Gauntlet | Identified the amulet "Asihar" {Reflect +Inv rC+ rCorr
                  | SH+5}
 10824 | Gauntlet | Noticed a minotaur
 10840 | Gauntlet | Killed a minotaur
 10841 | Gauntlet | Reached skill level 5 in Shields
 11049 | Gauntlet | Learned a level 2 spell: Blink
 11053 | Gauntlet | Learned a level 3 spell: Fugue of the Fallen
 11058 | Gauntlet | Learned a level 4 spell: Anguish
 11187 | Lair:1   | Identified the +5 chain mail "Kably" {rElec rPois}
 11914 | D:1      | Bought a scroll of enchant armour for 105 gold pieces
 11914 | D:1      | Bought a scroll of enchant weapon for 105 gold pieces
 12636 | Lair:2   | Found a staircase to the Swamp.
 12822 | Lair:2   | Reached XP level 13. HP: 118/118 MP: 18/18
 12829 | Lair:2   | Reached ***** piety under Beogh
 12835 | Lair:2   | Gained Bogwald as an ally
 12918 | Lair:2   | Reached skill level 10 in Shields
 13505 | Lair:3   | Found a hole to the Spider Nest.
 13976 | Lair:3   | Reached skill level 17 in Axes
 14424 | Lair:4   | Reached skill level 18 in Axes
 14427 | Lair:4   | Reached skill level 1 in Spellcasting
 14559 | Lair:4   | Identified the +5 quarterstaff of Imbalance {flame, rF-
                  | Dex+3}
 14633 | Lair:4   | Identified the +4 arbalest of Xicuwi {heavy, rCorr}
 14695 | Lair:4   | Reached XP level 14. HP: 120/126 MP: 19/19
 15063 | Lair:4   | Found a staircase to the Slime Pits.
 15331 | Lair:5   | Entered Level 5 of the Lair of Beasts
 15382 | Lair:5   | Reached ****** piety under Beogh
 15388 | Lair:5   | Noticed Snorg
 15395 | Lair:5   | Killed Snorg
 15503 | Lair:5   | Gained Warrok as an ally
 15667 | Lair:4   | Your ally Warrok died
 15997 | Lair:5   | Reached skill level 15 in Shields
 17010 | Lair:5   | Found a burning altar of Makhleb.
 17027 | Lair:5   | Gained Orgrim as an ally
 17031 | Lair:5   | Found a gateway to Hell.
 17429 | D:12     | Reached XP level 15. HP: 132/132 MP: 20/20
 17467 | D:12     | Found a runed translucent door.
 17603 | D:12     | Found a runed translucent door.
 17606 | D:12     | Noticed Hyahelamn's ghost (journeyman VSBr)
 17607 | D:12     | Noticed a lich
 17704 | D:12     | Killed Hyahelamn's ghost
 17717 | D:12     | Reached skill level 10 in Dodging
 17775 | D:12     | Killed a lich
 18037 | D:12     | Found a portal to a secret trove of treasure.
 18610 | D:13     | Found a gate to the Vaults.
 19144 | D:14     | Found a glowing golden altar of the Shining One.
 19608 | D:14     | Noticed Rupert
 19618 | D:14     | Killed Rupert
 19938 | D:14     | Found a blossoming altar of Fedhas.
 20068 | D:15     | Entered Level 15 of the Dungeon
 20217 | D:15     | Noticed Josephine
 20217 | D:15     | Found Unyja's General Store.
 20222 | D:15     | Killed Josephine
 20227 | D:15     | Reached XP level 16. HP: 137/139 MP: 21/21
 20275 | D:15     | Bought a scroll of enchant armour for 82 gold pieces
 20276 | D:15     | Bought the +4 broad axe of the Assorted Allies {heavy,
                  | *Noise rElec Int+2 Dex+2} for 507 gold pieces
 20703 | D:15     | Found a staircase to the Depths.
 20915 | Orc:1    | Entered Level 1 of the Orcish Mines
 21022 | Orc:2    | Entered Level 2 of the Orcish Mines
 21192 | Orc:2    | Found Wiwnomuqy's Antique Weapon Boutique.
 21257 | Orc:2    | Gained Blodwig as an ally
 21272 | Orc:2    | Found Wekhanoj's Jewellery Shop.
 21280 | Orc:2    | Found a staircase to the Elven Halls.
 21326 | Orc:2    | Found Jopnel's Antique Armour Boutique.
 21487 | Orc:2    | Found Guzor's General Store.
 21514 | Orc:2    | Found a shimmering altar of Xom.
 21518 | Orc:2    | Gained Olfik as an ally
 21520 | Orc:2    | Gained Bogward as an ally
 21978 | Orc:1    | Noticed Maurice
 21980 | Orc:1    | Killed Maurice
 22307 | Spider:1 | Entered Level 1 of the Spider Nest
 22509 | Spider:1 | You fall into a shaft and drop 1 floor!
 22864 | Spider:2 | HP: 3/139 [demonic crawler (10)]
 22864 | Spider:2 | Slain by a demonic crawler

Illustrated notes

Levels and vault maps discovered:
D:1:      ebering_trefoil_3fold, layout_rooms, serial_shops, shop,
          nicolae_lakefront_shop, nicolae_shop_stone, nicolae_shop_tiny_glass,
          nicolae_shop_advertising_works [nicolae_subvault_shop_adworks],
          minivault_14
D:2:      layout_basic, basic_altar, hellmonk_ecumenical_altar_heavens_door,
          uniq_crazy_yiuf_cottage
D:3:      layout_loops_ring, portal_sewer_entry_e
D:4:      cheibrodos_pilgrimage, layout_cave_pools
D:5:      layout_basic, st_stairs_13
D:6:      layout_rooms, serial_shops, nicolae_shop_rolling_square, st_stairs_2,
          nicolae_underground_beach
D:7:      lemuel_slime, layout_cave_pools, minmay_temple_entry_tees
D:8:      layout_basic
D:9:      layout_basic, erik_lair_orcish_takeover, uniq_gastronok
D:10:     layout_roguey [special_room_kobold],
          nicolae_hepliaklqana_monster_ancestors, orc_0_dummy, serial_shops,
          nicolae_shop_peninsula, uniq_joseph, uniq_erolcha
D:11:     layout_loops_ring, serial_shops, nicolae_shop_tiny_statue_garden,
          grunt_decor_resistance, minmay_circle_x
D:12:     layout_gridville, enter_trove_1, muffindrake_ghost_dual_entry
D:13:     layout_basic, lightli_vaults_fourway_checkpoint
D:14:     layout_cave_pools, fedhas_altar_4, roadster_trireme, uniq_rupert
D:15:     grunt_enter_depths_hoard, layout_basic, serial_shops, shop,
          nicolae_the_louvre, uniq_josephine
Lair:1:   layout_small_grid, gauntlet_entry_generic, serial_forest,
          infiniplex_forest_3_way, infiniplex_forest_clump_small,
          infiniplex_forest_straight_3, infiniplex_forest_straight_1,
          infiniplex_forest_lined_1, infiniplex_forest_lined_4_way,
          kennysheep_abandoned_house, lemuel_fruit_tree, lemuel_fruit_fields,
          infiniplex_staircase_pool_2, uniq_fannar
Lair:2:   layout_hall_layers, minmay_swamp_entry_swarm, st_stairs_4,
          nicolae_lair_lil_pond
Lair:3:   layout_roguey, nicolae_spider_entry_orb_guardian, roderic_batcave
Lair:4:   layout_regular_city, minmay_slime_entry_oklob_enclosed
Lair:5:   evil_forest, layout_hall_layers, serial_bayou_shore_a, uniq_snorg
Spider:1: layout_cave_pods, gammafunk_ghost_grave
Spider:2: layout_spider_delve, worms_lemuel
Orc:1:    layout_caves, uniq_maurice
Orc:2:    grunt_orc_gardens, layout_diamond_mine, grunt_orc_garden,
          grunt_orc_garden, grunt_orc_garden, grunt_orc_garden,
          regret_index_xom_of_box

Skill      XL: |  1  2  3  4  5  6  7  8  9 10 11 12 13 14 15 16 |
---------------+-------------------------------------------------+-----
Axes           | 3 4 5 6 8 9 13 14 16 18 | 18.0
Fighting       | 7 12 | 12.0
Dodging        | 3 7 8 9 13 14 | 14.3
Armour         | 5 8 |  8.0
Invocations    | 7 |  7.0
Shields        | 8 12 16 | 16.0
Spellcasting   | 2 |  2.0

Action                     |  1- 3 |  4- 6 |  7- 9 | 10-12 | 13-15 | 16-18 || total
---------------------------+-------+-------+-------+-------+-------+-------++-------
  Melee: War axe           |    89 |   183 |   192 |   545 |   635 |   170 ||  1814
         Headbutt          |       |       |    31 |   126 |   206 |    47 ||   410
         Morningstar       |       |       |       |       |    95 |       ||    95
 Invoke: Convert to Beogh  |       |       |     1 |       |       |       ||     1
         Recall Orcish Fol |       |       |       |       |     5 |     2 ||     7
         Smiting           |       |       |       |       |     2 |     3 ||     5
         Give Item to Name |       |       |       |       |     1 |       ||     1
  Evoke: Wand              |       |       |     6 |       |       |       ||     6
    Use: Scroll            |     4 |     3 |    11 |     7 |     6 |     2 ||    33
         Potion            |       |       |     3 |     2 |     2 |       ||     7
   Stab: Sleeping          |       |       |     1 |     3 |     1 |       ||     5
         Distracted        |       |       |       |     1 |    14 |     3 ||    18
         Paralysed         |       |       |       |       |    11 |       ||    11
         Confused          |       |       |       |       |     1 |       ||     1
         Petrifying        |       |       |       |       |     1 |       ||     1
 Armour: Scale mail        |    65 |   113 |    87 |   192 |   240 |    81 ||   778
  Dodge: Dodged            |    33 |    55 |    59 |   143 |   191 |   109 ||   590
  Block: Buckler           |    28 |    41 |    67 |    89 |       |       ||   225
         Tower shield      |       |       |       |   295 |  1005 |   235 ||  1535
         Reflection        |       |       |       |       |     9 |     8 ||    17

Table legend: (Time is in decaauts)
 A = Elapsed time spent in this place.
 B = Non-inter-level travel time spent in this place.
 C = Inter-level travel time spent in this place.
 D = Time resting spent in this place.
 E = Time spent auto-exploring this place.
 F = Levels seen in this place.
 G = Mean time per level.
                   A        B        C        D        E       F      G
               +--------+--------+--------+--------+--------+-----+--------+
         Total |  22703 |  20589 |   2114 |   2787 |  13124 |  26 |  873.2 |
       Dungeon |  12999 |  11403 |   1596 |   1079 |   7988 |  15 |  866.6 |
          Lair |   6018 |   5709 |    309 |    913 |   3469 |   5 | 1203.6 |
   Spider Nest |    534 |    534 |      0 |    154 |    147 |   2 |  267.0 |
  Orcish Mines |   1272 |   1065 |    207 |     40 |    775 |   2 |  636.0 |
         Sewer |    680 |    680 |      0 |     49 |    405 |   1 |  680.0 |
      Gauntlet |   1197 |   1197 |      0 |    552 |    339 |   1 | 1197.0 |
               +--------+--------+--------+--------+--------+-----+--------+

Top non-repeatable levels by time:
  Lair:4: 1567 daAuts
  Lair:5: 1342 daAuts
  Lair:1: 1259 daAuts
Gauntlet: 1197 daAuts
     D:2: 1191 daAuts
     D:9: 1151 daAuts
    D:10: 1024 daAuts
    D:14: 1017 daAuts
     D:1: 998 daAuts
  Lair:3: 970 daAuts
     D:3: 930 daAuts
    D:11: 904 daAuts
    D:13: 885 daAuts
  Lair:2: 879 daAuts
   Orc:2: 851 daAuts
